 Dungeon Crawl Stone Soup version 0.23-a0-143-g1adec7bb76 (webtiles) character file.

30030 Jesh the Unseen (level 13, -8/66 HPs)
             Began as a Spriggan Enchanter on Sept 1, 2018.
             Was a High Priest of Dithmenos.
             Mangled by a two-headed ogre
             ... wielding a +0 giant spiked club
              (33 damage)
             ... on level 14 of the Dungeon.
             The game lasted 01:11:07 (21505 turns).

Jesh the Unseen (Spriggan Enchanter)               Turns: 21505, Time: 01:11:07

Health: -8/66      AC:  4    Str:  7    XL:     13   Next: 18%
Magic:  25/28      EV: 33    Int: 17    God:    Dithmenos [*****.]
Gold:   1764       SH:  0    Dex: 18    Spells: 17/33 levels left

rFire    . . .     SeeInvis +   y - +0 rapier
rCold    . . .     Gourm    .   (shield restricted)
rNeg     . . .     Faith    .   b - +1 robe
rPois    .         Spirit   .   (helmet restricted)
rElec    .         Reflect  .   p - +0 cloak
rCorr    .         Harm     .   (gloves unavailable)
MR       ++...                  (boots unavailable)
Stlth    ++++++++++             (no amulet)
HPRegen  0.00/turn              m - +3 ring of slaying
MPRegen  0.21/turn              E - +3 ring of evasion

@: wreathed by umbra, very quick
A: very small, unfitting armour, repulsion field 1, see invisible, herbivore,
speed 3, mutation resistance 1, inhibited regeneration, slow metabolism 2,
sturdy frame 1
a: Shadow Step, Shadow Form, Renounce Religion


You were on level 14 of the Dungeon.
You worshipped Dithmenos.
Dithmenos was extremely pleased with you.
You were not hungry.

You visited 2 branches of the dungeon, and saw 15 of its levels.

You collected 2450 gold pieces.
You spent 686 gold pieces at shops.

Inventory:

Hand Weapons
 a - a +4 dagger
 k - a +2 short sword of electrocution
 s - the +7 rapier of Vanonu {pierce, rElec MR+ Str-4}
   (You found it on level 5 of the Dungeon)

   It inflicts extra damage upon your enemies.
   It affects your strength (-4).
   It insulates you from electricity.
   It affects your resistance to hostile enchantments.
 y - a +0 rapier (weapon)
Missiles
 j - a throwing net (quivered)
Armour
 b - a +1 robe (worn)
 p - a +0 cloak (worn)
Jewellery
 m - a +3 ring of slaying (left hand)
 w - a +3 ring of intelligence
 E - a +3 ring of evasion (right hand)
Wands
 t - a wand of paralysis (14)
 v - a wand of flame (39)
 F - a wand of disintegration (15)
 G - a wand of enslavement (11)
Scrolls
 f - 2 scrolls of remove curse
 g - 3 scrolls of teleportation
 l - 7 scrolls of amnesia
 q - a scroll of summoning
 r - a scroll of magic mapping
Potions
 c - 2 potions of might
 e - 8 potions of curing
 h - 4 potions of brilliance
 i - 3 potions of agility
 n - a potion of haste
 o - 5 potions of cancellation
 u - a potion of lignification {unknown}
 x - 2 potions of berserk rage
 z - a potion of flight
 A - a potion of ambrosia
 B - a potion of magic
 C - 2 potions of heal wounds
 D - a potion of degeneration {unknown}
Comestibles
 d - 17 rations


   Skills:
 + Level 6.7 Fighting
 + Level 9.1 Short Blades
 + Level 11.8 Dodging
 + Level 18.6 Stealth
 + Level 10.9 Spellcasting
 + Level 11.1 Hexes


You had 17 spell levels left.
You knew the following spells:

 Your Spells              Type           Power        Failure   Level  Hunger
a - Ensorcelled Hibernat  Hex/Ice        ####..       1%          2    None
b - Corona                Hex            #####..      1%          1    None
c - Confuse               Hex            #####...     1%          3    None
d - Tukima's Dance        Hex            #####...     1%          3    None
e - Dazzling Spray        Conj/Hex       ####..       2%          3    None
f - Cause Fear            Hex            #####.....   1%          4    ###....

Your spell library contained the following spells:

 Spells                   Type           Power        Failure   Level  Hunger
 Slow                     Hex            #####...     1%          2    None
 Inner Flame              Hex/Fire       ####....     2%          3    None
 Portal Projectile        Hex/Tloc       ####..       2%          3    None
 Leda's Liquefaction      Hex/Erth       ####......   8%          4    ###....


Dungeon Overview and Level Annotations

Branches:
Dungeon (14/15)            Temple (1/1) D:4            Lair (0/6) D:9
    Orc (0/2) D:9          Vaults (0/5) D:13

Altars:
Ashenzari
Cheibriados
Dithmenos
Elyvilon
Fedhas
Gozag
Hepliaklqana
Kikubaaqudgha
Makhleb
Nemelex Xobeh
Okawaru
Qazlal
Ru
Sif Muna
Trog
Uskayaw
Vehumet
Wu Jian
Xom
Yredelemnul
Zin
The Shining One
Beogh

Shops:
D:11 !

Annotations:
D:14 2 runed doors


Innate Abilities, Weirdness & Mutations

You are very small and have problems with some larger weapons.
You are too small for most types of armour.
You have supernaturally acute eyesight. (SInv)
You are a herbivore.
You cover ground extremely quickly.
You need to consume almost no food.
You are surrounded by a mild repulsion field. (EV +2)
You are somewhat resistant to further mutation.
You do not regenerate when monsters are visible.
Your movements are slightly less encumbered by armour. (ER -2)


Message History

You hit the centaur warrior.
The centaur warrior is almost dead.
The centaur warrior closely misses you.
The centaur warrior hits you but does no damage.
Casting: Confuse (safe; 1% risk of failure)
Confirm with . or Enter, or press ? or * to list all spells.
Aiming: Dazzling Spray (safe; 2% risk of failure)
Press: ? - help, Shift-Dir - straight line, f - centaur warrior
Aim: a centaur warrior (almost dead, umbra)
The spray of energy hits the centaur warrior.
You kill the centaur warrior!
Dithmenos accepts your kill. The spray of energy hits you!
You are confused.
The centaur shoots an arrow.
The arrow closely misses you.
Unknown command.
You feel better.
The two-headed ogre hits you with a giant spiked club!!
Ouch! That really hurt!
You die...

#... # #####.### #'###
#.......### .....
######.........##
c.....#............#..##
...Z..#(####+####..##..#
...c..cc#....#≈≈#..###..
......#O#D⌠..#≈≈#..# ##.
......#@#D...####..# ##
####' #(#D..[...#..# #.
#.####....#..# #
#.#§§#..⌠. #.#≈≈#...
#.####+## #(.....
###..### ..


You could see a fire dragon, an ice dragon, a two-headed ogre and 2 centaurs.

Vanquished Creatures
  A hydra (D:13)
  A vault guard (D:13)
  Harold (D:8)
  Erolcha (D:12)
  3 centaur warriors
  A death knight (D:14)
  6 two-headed ogres
  Nergalle (D:12)
  A skeletal warrior (D:12)
  2 ugly things
  Joseph (D:8)
  3 gargoyles
  4 centaur skeletons
  2 freezing wraiths (D:12)
  7 trolls
  A hippogriff (D:13)
  3 slime creatures (D:10)
  A wyvern (D:11)
  2 centaur simulacra (D:12)
  2 wraiths
  19 yaks
  A shadow (D:11)
  3 hogs (D:9)
  A human (D:9)
  Grum (D:8)
  3 hungry ghosts
  2 soldier ants
  2 acid dragons
  A water moccasin (D:9)
  7 ice beasts
  9 orc warriors
  3 sky beasts
  4 phantoms
  A hornet zombie (D:5)
  3 necrophages
  3 wolves
  6 ogres
  13 centaurs
  2 crocodiles
  A big kobold (D:13)
  14 bullfrogs
  2 gnoll sergeants
  A wyvern skeleton (D:11)
  2 scorpions
  10 killer bees
  6 wights
  4 howler monkeys
  11 crimson imps
  2 bullfrog zombies
  A centaur zombie (D:9)
  A quasit (D:11)
  8 hounds
  A gnoll shaman (D:5)
  5 jellies
  9 orc wizards
  15 orc priests
  2 bullfrog skeletons
  9 iguanas
  7 worker ants
  A bullfrog simulacrum (D:12)
  A hound skeleton (D:6)
  A howler monkey zombie (D:6)
  A worker ant zombie (D:6)
  20 gnolls
  13 adders
  2 river rats (D:10)
  2 shadow imps (D:9)
  An ufetubus (D:12)
  3 adder skeletons
  11 worms
  2 dart slugs
  5 leopard geckos
  76 orcs
  6 giant cockroaches
  4 goblins
  4 hobgoblins
  4 jackals
  12 kobolds
  5 quokkas
  3 ball pythons
  3 bats
  7 frilled lizards
  A leopard gecko skeleton (D:9)
  11 rats
438 creatures vanquished.

Vanquished Creatures (collateral kills)
  4 gnolls
  An orc (D:3)
5 creatures vanquished.

Vanquished Creatures (others)
  5 dancing weapons
5 creatures vanquished.

Grand Total: 448 creatures vanquished

Notes
Turn   | Place    | Note
-------+----------+-------------------------------------------
     0 | D:1      | Jesh the Spriggan Enchanter began the quest for the Orb.
     0 | D:1      | Reached XP level 1. HP: 9/9 MP: 5/5
   440 | D:1      | Reached XP level 2. HP: 13/13 MP: 7/7
   444 | D:1      | Learned a level 2 spell: Ensorcelled Hibernation
  1459 | D:2      | Reached XP level 3. HP: 16/16 MP: 6/9
  1464 | D:2      | Learned a level 3 spell: Confuse
  1468 | D:2      | Learned a level 3 spell: Tukima's Dance
  3150 | D:2      | Reached XP level 4. HP: 21/21 MP: 3/11
  3167 | D:2      | Reached skill level 5 in Hexes
  5017 | D:3      | Reached XP level 5. HP: 24/24 MP: 13/13
  5027 | D:3      | Learned a level 3 spell: Dazzling Spray
  5391 | D:3      | Reached skill level 5 in Stealth
  6084 | D:2      | Reached skill level 6 in Stealth
  6309 | D:4      | Reached skill level 7 in Stealth
  6309 | D:4      | Reached XP level 6. HP: 13/28 MP: 11/14
  6869 | D:4      | Found an iron altar of Okawaru.
  6990 | D:4      | Found a staircase to the Ecumenical Temple.
  7002 | Temple   | Entered the Ecumenical Temple
  7368 | D:5      | Entered Level 5 of the Dungeon
  7374 | D:5      | Reached skill level 8 in Stealth
  7462 | D:5      | Reached skill level 9 in Stealth
  7630 | D:5      | Reached XP level 7. HP: 32/32 MP: 13/15
  7638 | D:5      | Reached skill level 10 in Stealth
  7935 | D:5      | Found a shadowy altar of Dithmenos.
  7938 | D:5      | Reached skill level 11 in Stealth
  7941 | D:5      | Became a worshipper of Dithmenos the Shadowed
  8110 | D:5      | Got a fine rapier
  8111 | D:5      | Identified the +7 rapier of Vanonu {pierce, rElec MR+
                  | Str-4} (You found it on level 5 of the Dungeon)
  8121 | D:5      | Found a shattered altar of Ashenzari.
  8554 | D:5      | Found a burning altar of Makhleb.
  8558 | D:5      | Reached skill level 12 in Stealth
  8811 | D:6      | Reached XP level 8. HP: 33/36 MP: 12/16
  9015 | D:6      | Reached skill level 13 in Stealth
  9044 | D:6      | Found a deep blue altar of Sif Muna.
  9208 | D:6      | Reached * piety under Dithmenos
  9302 | D:6      | Found a hide-covered altar of Uskayaw.
  9549 | D:6      | Reached skill level 14 in Stealth
 10432 | D:7      | Reached skill level 15 in Stealth
 10499 | D:7      | Reached skill level 5 in Spellcasting
 10924 | D:7      | Reached skill level 1 in Fighting
 10924 | D:7      | Reached XP level 9. HP: 40/41 MP: 3/17
 11466 | D:7      | Noticed a moth of wrath
 11537 | D:7      | Found a bloodstained altar of Trog.
 11761 | D:7      | Reached ** piety under Dithmenos
 11854 | D:8      | Learned a level 4 spell: Cause Fear
 12368 | D:8      | Noticed Joseph
 12374 | D:8      | Killed Joseph
 12374 | D:8      | Reached skill level 5 in Dodging
 12966 | D:8      | Noticed Harold
 12982 | D:8      | HP: 2/43 [Harold/flail (15)]
 13011 | D:8      | Killed Harold
 13011 | D:8      | Reached XP level 10. HP: 13/48 MP: 3/21
 13260 | D:8      | Reached skill level 16 in Stealth
 13379 | D:8      | Noticed Grum
 13386 | D:8      | Killed Grum
 13569 | D:8      | Identified a scroll of acquirement
 13693 | D:8      | Found a sacrificial altar of Ru.
 13963 | D:9      | Noticed a two-headed ogre
 13964 | D:9      | Killed a two-headed ogre
 14028 | D:9      | Noticed a two-headed ogre
 14074 | D:9      | Killed a two-headed ogre
 14074 | D:9      | Reached skill level 5 in Short Blades
 14515 | D:9      | Reached *** piety under Dithmenos
 14526 | D:9      | Noticed a centaur warrior
 14532 | D:9      | Killed a centaur warrior
 14658 | D:9      | Found a staircase to the Orcish Mines.
 14728 | D:9      | Found a sacrificial altar of Ru.
 14743 | D:9      | Reached XP level 11. HP: 45/53 MP: 14/23
 15287 | D:9      | Found a roughly hewn altar of Beogh.
 15347 | D:9      | Reached **** piety under Dithmenos
 15575 | D:9      | Found a staircase to the Lair.
 15712 | D:10     | Entered Level 10 of the Dungeon
 15714 | D:10     | Noticed a two-headed ogre
 15720 | D:10     | Killed a two-headed ogre
 15742 | D:10     | Reached skill level 17 in Stealth
 16657 | D:10     | Reached ***** piety under Dithmenos
 16778 | D:10     | Reached skill level 5 in Fighting
 16891 | D:10     | Found a deep blue altar of Sif Muna.
 17054 | D:11     | Noticed a two-headed ogre
 17059 | D:11     | Killed a two-headed ogre
 17347 | D:11     | Gained mutation: You are surrounded by a mild repulsion
                  | field. (EV +2) [potion of mutation]
 17347 | D:11     | Gained mutation: You do not regenerate when monsters are
                  | visible. [potion of mutation]
 17347 | D:11     | Gained mutation: Your movements are slightly less
                  | encumbered by armour. (ER -2) [potion of mutation]
 17347 | D:11     | Gained mutation: You are somewhat resistant to further
                  | mutation. [potion of mutation]
 17391 | D:11     | Reached skill level 10 in Dodging
 17459 | D:11     | Reached XP level 12. HP: 60/60 MP: 26/26
 17464 | D:11     | Noticed a two-headed ogre
 17521 | D:11     | Killed a two-headed ogre
 17781 | D:11     | Reached skill level 10 in Hexes
 18068 | D:11     | Found Dyeror's Distillery.
 18072 | D:11     | Bought a potion of berserk rage for 70 gold pieces
 18072 | D:11     | Bought a potion of flight for 42 gold pieces
 18072 | D:11     | Bought a potion of agility for 56 gold pieces
 18072 | D:11     | Bought a potion of brilliance for 56 gold pieces
 18072 | D:11     | Bought a potion of curing for 42 gold pieces
 18072 | D:11     | Bought a potion of ambrosia for 112 gold pieces
 18072 | D:11     | Bought a potion of magic for 112 gold pieces
 18072 | D:11     | Bought 2 potions of heal wounds for 140 gold pieces
 18072 | D:11     | Bought a potion of brilliance for 56 gold pieces
 18274 | D:12     | Noticed Erolcha
 18478 | D:12     | Killed Erolcha
 18754 | D:12     | Reached skill level 18 in Stealth
 18754 | D:12     | Reached skill level 10 in Spellcasting
 19111 | D:12     | Noticed Nergalle
 19124 | D:12     | Killed Nergalle
 20533 | D:13     | Noticed a centaur warrior
 20540 | D:13     | Killed a centaur warrior
 20548 | D:13     | Noticed a two-headed ogre
 20557 | D:13     | Killed a two-headed ogre
 20680 | D:13     | Noticed a five-headed hydra
 20689 | D:13     | Killed a five-headed hydra
 20721 | D:13     | Reached XP level 13. HP: 65/65 MP: 28/28
 21181 | D:13     | Found a gate to the Vaults.
 21454 | D:14     | Found a runed door.
 21455 | D:14     | Found the +2 shield of Resistance {rF+ rC+ MR+}
 21457 | D:14     | Noticed a fire dragon
 21468 | D:14     | Noticed a fire dragon
 21470 | D:14     | Found a runed door.
 21505 | D:14     | Mangled by a two-headed ogre

Vault maps used:
D:1:      lightli_arrival_lavapool, st_stairs_13
D:3:      serial_park_tiny_pond
D:4:      okawaru_metal_pillars_1_2, minmay_temple_entry_junction, first_ration
D:5:      makhleb_grotto_becter, grunt_dithmenos_shadows, basic_altar
D:6:      kennysheep_mini_moat, old_standard_altar
D:7:      tgw_trog, minmay_lizard_king
D:8:      kennysheep_mini, uniq_grum, uniq_harold, uniq_joseph
D:9:      cheibrodos_barr_body, lair_entry_dummy, david_orc_3, special_room,
          grunt_livestock, nicolae_ru_awakened_eye
D:10:     kennysheep_orc_sif_temple, pond
D:11:     serial_shops, shop, onia_ninara_cookie
D:12:     serial_ice, serial_ice_c, serial_ice_a, serial_ice_f, serial_ice_o,
          uniq_nergalle, uniq_erolcha
D:13:     david_vaults_5
D:14:     minmay_guarded_unrand_resistance
Temple:   regret_index_temple_waves

Skill      XL: |  1  2  3  4  5  6  7  8  9 10 11 12 13 |
---------------+----------------------------------------+-----
Spellcasting   | 3 4 5 6 7 9 10 | 10.9
Hexes          | 4 5 7 8 9 10 11 | 11.1
Stealth        | 7 9 12 15 16 17 18 | 18.6
Fighting       | 1 2 4 5 6 |  6.7
Short Blades   | 2 4 5 7 8 9 |  9.1
Dodging        | 6 8 10 11 | 11.8

Action                   |  1- 3 |  4- 6 |  7- 9 | 10-12 | 13-15 || total
-------------------------+-------+-------+-------+-------+-------++-------
Melee: Dagger            |    79 |   131 |   239 |    64 |       ||   513
       Short sword       |       |       |       |   265 |       ||   265
       Rapier            |       |       |       |   233 |    67 ||   300
Throw: Throwing net      |       |       |     1 |     2 |       ||     3
 Cast: Corona            |     3 |     4 |       |       |       ||     7
       Ensorcelled Hiber |    32 |    45 |   103 |    92 |     1 ||   273
       Tukima's Dance    |     1 |     5 |     7 |       |       ||    13
       Confuse           |       |     5 |    19 |    52 |    11 ||    87
       Dazzling Spray    |       |     3 |    13 |     7 |     4 ||    27
Invok: Shadow Step       |       |       |       |     1 |       ||     1
Evoke: Wand              |       |       |     5 |       |       ||     5
  Use: Scroll            |     9 |     5 |     5 |     6 |       ||    25
       Potion            |       |     2 |     7 |     1 |     1 ||    11
 Stab: Sleeping          |    23 |    39 |    60 |   111 |    14 ||   247
       Confused          |       |     5 |     8 |    31 |     4 ||    48
       Distracted        |       |     1 |       |     2 |       ||     3
       Invisible         |       |       |     2 |     3 |       ||     5
       Held in net/web   |       |       |       |     2 |       ||     2
  Eat: Ration            |     1 |     3 |     4 |     5 |       ||    13
Armor: Robe              |    11 |     9 |    20 |    12 |     2 ||    54
Dodge: Dodged            |    50 |    77 |   185 |   406 |    66 ||   784

Table legend:
 A = Non-vault XP
 B = Vault XP
 C = Vault XP percentage of total XP
 D = Non-vault monster count
 E = Vault monster count
 F = Vault count percentage of total count
                 A         B        C        D         E       F
            +---------+---------+-------+---------+---------+-------
      Total |   29373 |   13527 |  31.5 |     332 |     111 |  25.1
            +---------+---------+-------+---------+---------+-------
        D:1 |      18 |       4 |  18.2 |      11 |       2 |  15.4
        D:2 |     131 |       0 |   0.0 |      29 |       0 |   0.0
        D:3 |     144 |       0 |   0.0 |      34 |       0 |   0.0
        D:4 |     184 |       0 |   0.0 |      11 |       0 |   0.0
        D:5 |     620 |     179 |  22.4 |      22 |       2 |   8.3
        D:6 |     876 |       0 |   0.0 |      24 |       0 |   0.0
        D:7 |     780 |     283 |  26.6 |      20 |      14 |  41.2
        D:8 |    1490 |    1873 |  55.7 |      31 |       5 |  13.9
        D:9 |    2989 |    3651 |  55.0 |      21 |      52 |  71.2
       D:10 |    4409 |     592 |  11.8 |      39 |       9 |  18.8
       D:11 |    3897 |    3300 |  45.9 |      25 |      17 |  40.5
       D:12 |    3852 |    2654 |  40.8 |      21 |       9 |  30.0
       D:13 |    8183 |     991 |  10.8 |      41 |       1 |   2.4
       D:14 |    1800 |       0 |   0.0 |       3 |       0 |   0.0
            +---------+---------+-------+---------+---------+-------
